 Dungeon Crawl Stone Soup version 0.18.1-48-g4cf74bf (webtiles) character file.

107 Antonin the Gusty (level 4, 0/24 HPs)
             Began as a Tengu Air Elementalist on Sept 10, 2016.
             Slain by a goblin (1 damage)
             ... led by Robin
             ... on level 2 of the Dungeon.
             The game lasted 00:16:20 (3512 turns).

Antonin the Gusty (Tengu Air Elementalist)          Turns: 3512, Time: 00:16:21

Health: 0/24       AC:  3    Str:  8    XL:     4   Next: 85%
Magic:  2/9        EV: 13    Int: 16    God:
Gold:   101        SH:  2    Dex: 15    Spells: 4 memorised, 0 levels left

rFire  . . .     SeeInvis .     (no weapon)
rCold  . . .     Gourm    .     i - +1 robe {MR+}
rNeg   . . .     Faith    .     (no shield)
rPois  .         Spirit   .     (helmet restricted)
rElec  .         Dismiss  .     (no cloak)
rCorr  .         Reflect  +     (no gloves)
SustAt .         Harm     .     (boots unavailable)
MR     +....                    f - +2 amulet of reflection
Stlth  ++........               (no ring)
                                (no ring)

@: swift, very quick, somewhat resistant to hostile enchantments, unstealthy
A: beak, talons 3
a: no special abilities


You were on level 2 of the Dungeon.
You were not hungry.

You visited 1 branch of the dungeon, and saw 2 of its levels.

You collected 101 gold pieces.

Inventory:

Armour
 i - a +1 robe of magic resistance (worn)
Jewellery
 f - a +2 amulet of reflection (around neck)
 m - an uncursed ring of see invisible {unknown}
Scrolls
 d - 2 scrolls of remove curse {unknown}
 e - a scroll of blinking {unknown}
 k - 2 scrolls of enchant weapon {unknown}
Potions
 a - 2 potions of flight {unknown}
 g - a potion of beneficial mutation {unknown}
 h - a potion of brilliance {unknown}
 j - a potion of heal wounds {unknown}
 l - 2 potions of mutation {unknown}
Books
 b - a book of Air

   Spells                             Type                      Level
   a - Shock                          Conjuration/Air              1
   b - Swiftness                      Charms/Air                   2
   c - Repel Missiles                 Charms/Air                   2
   d - Static Discharge               Conjuration/Air              3
   e - Lightning Bolt                 Conjuration/Air              5
Comestibles
 c - 2 bread rations
 n - 3 chunks of flesh


   Skills:
 + Level 3.1 Dodging
 - Level 2.0 Stealth
 + Level 2.7 Spellcasting
 + Level 3.2 Conjurations
 + Level 5.0 Air Magic


You couldn't memorise any spells.
You knew the following spells:

 Your Spells              Type           Power        Failure   Level  Hunger
a - Shock                 Conj/Air       ###.         4%          1    #......
b - Repel Missiles        Chrm/Air       ##....       12%         2    ##.....
c - Swiftness             Chrm/Air       ##......     12%         2    ##.....
d - Static Discharge      Conj/Air       ###.....     12%         3    ###....


Dungeon Overview and Level Annotations

Branches:
Dungeon (2/15)

Altars:
Yredelemnul

Annotations:
D:2 Robin


Innate Abilities, Weirdness & Mutations

You have a beak for a mouth.
You have claws for feet.


Message History

You see here 9 bolts.
Casting: Swiftness
Confirm with . or Enter, or press ? or * to list all spells.
Aiming: Shock
Press: ? - help, Shift-Dir - straight line, f/p - Robin
Aim: Robin, wielding a trident of protection, wearing an animal skin and wearing a helmet (moderately wounded)
The zap misses the goblin.
The zap hits Robin.
Robin is moderately wounded.
You start to feel a little faster.
You see here a dagger.
You no longer feel sluggish.
The goblin hits you.
* * * LOW HITPOINT WARNING * * *
Casting: Shock
Confirm with . or Enter, or press ? or * to list all spells.
You feel quick. Robin throws the goblin at you!
* * * LOW HITPOINT WARNING * * *
The goblin barely misses you. Robin misses you. The goblin hits you.
You die...

########### #....+...
#.........###....##..
###.#####............
#.# ##############
#.# #.............
#.# #.....########
#.# #.....#
###g####.....#
#...@....#####
###.###### #g# #)#
#(# #)# #.# #)# #.#


You could see Robin and a goblin.

Vanquished Creatures
  2 adders (D:2)
  An ooze (D:2)
  A worm (D:2)
  2 dart slugs (D:1)
  2 giant geckos
  3 giant cockroaches
  2 gnoll zombies (D:2)
  14 goblins
  12 hobgoblins
  5 jackals (D:2)
  2 quokkas (D:2)
  4 bats
  3 giant newts
  8 kobolds
  7 rats
68 creatures vanquished.

Notes
Turn   | Place    | Note
--------------------------------------------------------------
     0 | D:1      | Antonin the Tengu Air Elementalist began the quest for the Orb.
     0 | D:1      | Reached XP level 1. HP: 10/10 MP: 4/4
   233 | D:1      | Reached XP level 2. HP: 10/15 MP: 1/6
   724 | D:1      | Learned a level 2 spell: Repel Missiles
   727 | D:1      | Learned a level 2 spell: Swiftness
   986 | D:1      | Reached XP level 3. HP: 15/19 MP: 4/7
  2210 | D:2      | Reached XP level 4. HP: 18/24 MP: 0/8
  2877 | D:2      | Learned a level 3 spell: Static Discharge
  3083 | D:2      | Reached skill level 5 in Air Magic
  3138 | D:2      | Found a basalt altar of Yredelemnul.
  3336 | D:2      | Noticed Robin
  3511 | D:2      | HP: 1/24 [Robin/goblin (2)]
  3512 | D:2      | Slain by a goblin

Skill      XL: |  1  2  3  4 |
---------------+-------------+-----
Conjurations   | 2 3 |  3.2
Dodging        | 3 |  3.1
Air Magic      | 5 |  5.0
Stealth        | |  2.0
Spellcasting   | |  2.7

Action                   |  1- 3 |  4- 6 || total
-------------------------+-------+-------++-------
Melee: Unarmed           |    10 |       ||    10
       Kick              |     3 |       ||     3
       Peck              |     1 |       ||     1
 Cast: Shock             |   102 |    55 ||   157
       Swiftness         |       |     3 ||     3
  Eat: Chunk             |     5 |     5 ||    10
Armor: Robe              |     3 |     1 ||     4
Dodge: Dodged            |    20 |    16 ||    36
Block: Other             |     1 |       ||     1
